 Dungeon Crawl Stone Soup version 0.25.1-2-g60ff931df9 (webtiles) character file.

Game seed: 3685784070948125690

12390 Ijustatesigmund the Fighter (level 11, 0/112 HPs)
             Began as a Gargoyle Fighter on Aug 20, 2020.
             Was a Believer of Cheibriados.
             Slain by a yak (4 damage)
             ... on level 12 of the Dungeon.
             The game lasted 00:17:25 (10525 turns).

Ijustatesigmund the Fighter (Gargoyle Fighter)     Turns: 10525, Time: 00:17:25

Health: 0/112      AC: 25    Str: 25    XL:     11   Next: 92%
Magic:  13/13      EV:  2    Int: 16    God:    Cheibriados [**....]
Gold:   573        SH: 16    Dex: 17    Spells: 10/10 levels left

rFire    . . .     SeeInvis .   a - +2 flail
rCold    . . .     Gourm    .   c - +0 kite shield
rNeg     + + +     Faith    .   (armour currently unavailable)
rPois    ∞         Spirit   .   (helmet currently unavailable)
rElec    .         Reflect  +   (cloak currently unavailable)
rCorr    .         Harm     .   (gloves currently unavailable)
MR       .....     NoTele   +   (boots currently unavailable)
Stlth    +++.......             l - amulet of reflection
HPRegen  0.28/turn              w - ring of stealth
MPRegen  0.13/turn              (no ring)

@: mighty, tree-form, very slow
A: clever 1, mutation resistance 1, negative energy resistance 1, petrification
resistance, rot immunity, AC +8
a: Bend Time, Renounce Religion


You were on level 12 of the Dungeon.
You worshipped Cheibriados.
Cheibriados was pleased with you.
You were hungry.
You were a tree.
You visited 2 branches of the dungeon, and saw 13 of its levels.

You collected 573 gold pieces.

Inventory:

Hand Weapons
 a - a +2 flail (weapon)
Armour
 b - a +0 troll leather armour (melded)
 c - a +0 kite shield (worn)
 i - a +1 pair of gloves (melded)
 o - a +1 cloak (melded)
Jewellery
 l - an amulet of reflection (around neck)
 w - a ring of stealth (left branch)
Wands
 e - a wand of flame (21)
 g - a wand of clouds (4)
 h - a wand of digging (4)
 u - a wand of paralysis (8)
 y - a wand of acid (5)
 z - a wand of iceblast (11)
 B - a wand of polymorph (2)
Scrolls
 j - 8 scrolls of remove curse
 p - a scroll of immolation
 q - a scroll of enchant armour
 r - 2 scrolls of amnesia
 s - 3 scrolls of identify
 t - a scroll of fog
 C - a scroll of torment
Potions
 d - 2 potions of might
 k - 2 potions of lignification
 n - 4 potions of flight
 v - 4 potions of brilliance
 x - a potion of berserk rage
Comestibles
 f - 26 rations
 A - 5 chunks of flesh


   Skills:
 + Level 11.6 Fighting
 + Level 11.1 Maces & Flails
 - Level 10.2 Armour
 + Level 3.0 Dodging
 + Level 5.4 Shields
 + Level 3.6 Invocations


You had 10 spell levels left.
You didn't know any spells.
Your spell library was empty.

Dungeon Overview and Level Annotations

Branches:
Dungeon (12/15)            Temple (1/1) D:5            Lair (0/6) D:10
    Orc (0/2) D:10

Altars:
Ashenzari
Cheibriados
Dithmenos
Fedhas
Kikubaaqudgha
Nemelex Xobeh
Ru
Uskayaw
Vehumet
Wu Jian

Annotations:
D:3 1 runed translucent door, lasso's ghost, amateur OpTm


Innate Abilities, Weirdness & Mutations

You are resistant to torment.
((Your stone body is resilient. (AC +8)))
You are immune to poison.
You resist negative energy. (rN+)
((You are resistant to electric shocks. (rElec)))
((You can survive without breathing.))
You are immune to petrification.
You are immune to rotting.
Your mind is acute. (Int +2)
You are somewhat resistant to further mutation.


Message History

You sock the orc warrior!
The orc warrior is heavily wounded.
The orc warrior hits you but does no damage.
The yak gores you!
* * * LOW HITPOINT WARNING * * *
You block the orc's attack. You block the orc wizard's attack.
The yak gores you but does no damage. x2
You bludgeon the orc warrior!!
You kill the orc warrior!
Cheibriados appreciates the change of pace.
Your Dodging skill increases to level 3!
The yak gores you but does no damage. You block the orc's attack.
The orc wizard hits you but does no damage.
You block the yak's attack.
You sock the orc wizard!
The orc wizard is severely wounded.
You block the yak's attack. x2; The orc hits you but does no damage.
The orc wizard hits you but does no damage.
The yak gores you.
You die...

###########
#.........#
#.........#
#.........+
#.........#
#.........#
#...ooY...#
#...o♣Ya..#
#...††Y...#
#######.###
..# ...
.... _...
....


You could see 3 yaks, a worker ant, an orc wizard and 2 orcs.

Vanquished Creatures
  2 two-headed ogres (D:9)
  2 polar bears (D:11)
  3 trolls
  Prince Ribbit (D:9)
  A hippogriff (D:9)
  A shadow (D:11)
  A wyvern (D:11)
  4 hogs
  A human (D:8)
  2 steam dragons
  12 yaks
  Menkaure (D:6)
  Edmund (D:6)
  A porcupine (D:10)
  A water moccasin (D:8)
  4 sky beasts
  A meliai simulacrum (D:11)
  A hornet zombie (D:9)
  7 ice beasts
  10 orc warriors
  A black bear (D:10)
  3 phantoms
  4 ogres
  A necrophage (D:11)
  3 wolves (D:11)
  3 crocodiles (D:10)
  6 centaurs
  A big kobold (D:11)
  5 bullfrogs
  2 scorpions
  5 killer bees (D:9)
  16 wights
  A howler monkey (D:8)
  3 crimson imps
  A centaur zombie (D:8)
  A bullfrog zombie (D:6)
  4 hounds
  6 orc priests
  A centaur skeleton (D:9)
  2 jellies
  5 orc wizards
  2 worker ants (D:7)
  Terence (D:3)
  3 hound zombies
  3 gnolls (D:5)
  A howler monkey skeleton (D:4)
  10 adders
  2 shadow imps
  A white imp (D:11)
  An ooze (D:1)
  5 worms
  2 dart slugs (D:2)
  4 leopard geckos
  32 orcs
  A giant cockroach (D:4)
  4 goblins
  16 hobgoblins
  4 jackals
  13 kobolds
  6 quokkas
  A ball python (D:2)
  7 bats
  7 frilled lizards
  A leopard gecko skeleton (D:4)
  8 rats
266 creatures vanquished.

Notes
Turn   | Place    | Note
-------+----------+-------------------------------------------
     0 | D:1      | Ijustatesigmund the Gargoyle Fighter began the quest for
                  | the Orb.
     0 | D:1      | Reached XP level 1. HP: 14/14 MP: 1/1
    80 | D:1      | Reached XP level 2. HP: 15/19 MP: 2/2
   419 | D:1      | Reached XP level 3. HP: 24/24 MP: 3/3
   863 | D:2      | Found an ancient bone altar of Kikubaaqudgha.
   863 | D:2      | Found a blossoming altar of Fedhas.
   989 | D:2      | Reached XP level 4. HP: 27/29 MP: 4/4
  1522 | D:3      | Noticed Terence
  1538 | D:3      | Killed Terence
  2028 | D:3      | Reached XP level 5. HP: 34/34 MP: 5/5
  2384 | D:3      | Noticed lasso's ghost (amateur OpTm)
  2392 | D:3      | Found a runed translucent door.
  2665 | D:4      | Reached skill level 5 in Maces & Flails
  2703 | D:4      | Reached XP level 6. HP: 40/40 MP: 6/6
  2811 | D:4      | Reached skill level 5 in Fighting
  3463 | D:5      | Entered Level 5 of the Dungeon
  3493 | D:5      | Reached XP level 7. HP: 37/44 MP: 7/7
  3584 | D:5      | Found a staircase to the Ecumenical Temple.
  3647 | D:5      | Gained mutation: You are somewhat resistant to further
                  | mutation. [potion of mutation]
  3647 | D:5      | Gained mutation: Your mind is acute. (Int +2) [potion of
                  | mutation]
  4100 | D:6      | Noticed Edmund
  4131 | D:6      | Killed Edmund
  4204 | D:6      | Reached XP level 8. HP: 48/52 MP: 8/8
  4208 | D:6      | Reached skill level 5 in Armour
  4342 | D:6      | Noticed Menkaure
  4349 | D:6      | Killed Menkaure
  5117 | D:7      | Reached XP level 9. HP: 57/58 MP: 9/9
  5203 | D:7      | Found a shadowy altar of Dithmenos.
  7010 | D:8      | Reached XP level 10. HP: 66/66 MP: 10/10
  7743 | D:9      | Noticed a two-headed ogre
  7759 | D:9      | Killed a two-headed ogre
  7759 | D:9      | Reached skill level 10 in Fighting
  8058 | D:9      | Reached skill level 10 in Maces & Flails
  8306 | D:9      | Reached skill level 10 in Armour
  8380 | D:9      | Found a sacrificial altar of Ru.
  8423 | D:9      | Noticed a two-headed ogre
  8433 | D:9      | Killed a two-headed ogre
  8433 | D:9      | Reached XP level 11. HP: 71/73 MP: 11/11
  8555 | D:9      | Found an ornate altar of the Wu Jian Council.
  8667 | D:9      | Noticed Prince Ribbit
  8685 | D:9      | Killed Prince Ribbit
  8910 | D:9      | Reached skill level 1 in Dodging
  9018 | Temple   | Entered the Ecumenical Temple
  9030 | Temple   | Became a worshipper of Cheibriados the Contemplative
  9144 | D:10     | Entered Level 10 of the Dungeon
  9275 | D:10     | Reached skill level 1 in Invocations
  9458 | D:10     | Reached * piety under Cheibriados
  9608 | D:10     | Found a staircase to the Orcish Mines.
  9920 | D:10     | Found a staircase to the Lair.
 10254 | D:11     | Reached ** piety under Cheibriados
 10280 | D:11     | Reached skill level 5 in Shields
 10511 | D:12     | Found a sparkling altar of Nemelex Xobeh.
 10523 | D:12     | HP: 3/112 [yak (10)]
 10525 | D:12     | Slain by a yak

Illustrated notes

Levels and vault maps discovered:
D:1:      minmay_arrival_arboretum_small, layout_rooms
D:2:      layout_loops_ring, grunt_temple_overflow_growth_and_decay,
          first_ration
D:3:      layout_rooms, hellmonk_ghost_happy_afterlife, uniq_terence
D:4:      layout_basic, grunt_ministairs_15, kennysheep_dice
D:5:      layout_rooms, minmay_temple_entry_antechambers, minivault_14,
          grunt_ministairs_9, chequers_serial_rivers_micro_e
D:6:      layout_basic, abandoned_shop, uniq_edmund, uniq_menkaure
D:7:      layout_basic, nicolae_dithmenos_the_darkroom
D:8:      layout_cave_pods, grunt_livestock, minmay_misc_feat_secret_circle,
          dk_vineyard_2
D:9:      layout_basic, nicolae_ru_path_of_blood, basic_altar,
          uniq_prince_ribbit1
D:10:     layout_loops_ring, grunt_lair_entry_orc_guard_hut, orc_david_3,
          minmay_fractal_squares_diagonal_5
D:11:     layout_cave_pools, gauntlet_entry_generic, serial_ice, serial_ice_b,
          serial_ice_e, serial_ice_c, serial_ice_k, serial_ice_h, serial_ice_o,
          serial_ice_n
D:12:     layout_roguey, basic_altar, uniq_urug
Temple:   regret_index_temple_mists

Skill      XL: |  1  2  3  4  5  6  7  8  9 10 11 |
---------------+----------------------------------+-----
Maces & Flails | 3 4 5 6 7 9 10 11 | 11.1
Fighting       | 4 5 6 7 9 10 11 | 11.6
Armour         | 4 6 8 10 | 10.2
Dodging        | 3 |  3.0
Shields        | 5 |  5.4
Invocations    | 3 |  3.6

Action                   |  1- 3 |  4- 6 |  7- 9 | 10-12 || total
-------------------------+-------+-------+-------+-------++-------
Melee: Flail             |   161 |   192 |   428 |   568 ||  1349
Evoke: Wand              |       |       |       |    14 ||    14
  Use: Scroll            |     4 |     8 |     7 |     2 ||    21
       Potion            |       |       |     2 |     5 ||     7
 Stab: Sleeping          |       |       |     1 |     2 ||     3
       Distracted        |       |       |     1 |       ||     1
       Confused          |       |       |       |     5 ||     5
  Eat: Chunk             |     1 |     8 |    12 |    10 ||    31
Armor: Scale mail        |    57 |       |       |       ||    57
       Plate armour      |    77 |   106 |       |       ||   183
       Chain mail        |       |    37 |   179 |       ||   216
       Steam dragon scal |       |       |    51 |    46 ||    97
       Troll leather arm |       |       |       |   178 ||   178
       Skin              |       |       |       |     9 ||     9
Dodge: Dodged            |    56 |    31 |    69 |   187 ||   343
Block: Kite shield       |   117 |   143 |   292 |   477 ||  1029
       Reflection        |       |     2 |     6 |     8 ||    16
